 Dungeon Crawl Stone Soup version 0.18.1-8-gdd0e5ea (webtiles) character file.

1352 urechis the Martial Artist (level 8, -8/42 HPs)
             Began as a Vine Stalker Monk on May 26, 2016.
             Mangled by an orc warrior
             ... wielding a cursed -1 long sword
              (11 damage)
             ... on level 6 of the Dungeon.
             The game lasted 00:08:35 (4993 turns).

urechis the Martial Artist (Vine Stalker Monk)      Turns: 4993, Time: 00:08:35

Health: -8/42      AC:  4    Str: 15    XL:     8   Next: 63%
Magic:  0/9        EV: 13    Int: 10    God:
Gold:   336        SH:  0    Dex: 18    Spells: 0 memorised, 7 levels left

rFire  + . .     SeeInvis .       - Unarmed
rCold  . . .     Gourm    .     A - +0 robe {MR+}
rNeg   + . .     Faith    .     (no shield)
rPois  .         Spirit   +     e - +0 helmet
rElec  .         Dismiss  .     (no cloak)
rCorr  .         Reflect  .     v - +0 pair of gloves
SustAt .         Harm     .     (no boots)
MR     ++...                    (no amulet)
Stlth  ++++......               s - ring of protection from fire
                                j - ring of positive energy

@: very resistant to hostile enchantments, stealthy
A: fangs 3, regeneration 2, magic shield, antimagic bite, no device heal 3, rot
immunity
a: no special abilities


You were on level 6 of the Dungeon.
You were not hungry.

You visited 2 branches of the dungeon, and saw 8 of its levels.

You collected 336 gold pieces.

Inventory:

Hand Weapons
 b - a +0 blowgun
Missiles
 r - 19 poisoned needles
Armour
 e - a +0 helmet (worn)
 v - a +0 pair of gloves (worn)
 A - a +0 robe of magic resistance (worn)
Jewellery
 j - a ring of positive energy (left hand)
 s - a ring of protection from fire (right hand)
Scrolls
 f - 9 scrolls of remove curse
 k - 4 scrolls of enchant weapon
 n - a scroll of teleportation
 u - a scroll of amnesia
 y - a scroll of enchant armour
 z - a scroll of recharging
Potions
 d - a potion of ambrosia {unknown}
 g - 2 potions of berserk rage
 i - 3 potions of curing
 m - a potion of flight {unknown}
 p - a potion of agility {unknown}
 t - 4 potions of degeneration {unknown}
 w - a potion of heal wounds {unknown}
Comestibles
 c - 7 fruits
 l - 2 beef jerkies
 o - 4 meat rations
 q - 4 bread rations


   Skills:
 - Level 4.0 Fighting
 - Level 2.4 Dodging
 + Level 8.2 Stealth
 - Level 8.7 Unarmed Combat


You had 7 spell levels left.
You didn't know any spells.

Dungeon Overview and Level Annotations

Branches:
Dungeon (7/15)             Temple (1/1) D:4

Altars:
Ashenzari
Dithmenos
Gozag
Kikubaaqudgha
Okawaru
Pakellas
Ru
Sif Muna
Trog
Vehumet
Zin
The Shining One


Innate Abilities, Weirdness & Mutations

You have razor-sharp teeth.
You heal very quickly.
When hurt, damage is shared between your health and your magic reserves.
Your bite disrupts and absorbs the magic of your enemies.
Potions and wands cannot restore your health.
You are immune to rotting.


Message History

The orc priest shouts!
The orc warrior shouts!
The orc shouts!
The orc priest hits you with a falchion!
You climb upwards.
There is a stone staircase leading down here.
You hit the orc priest but do no damage.
You bite the orc priest. You drain its power.
You feel invigorated.
The orc priest is moderately wounded.
The orc warrior hits you with an enchanted long sword!
You barely miss the orc priest.
You bite the orc priest, but do no damage.
The orc priest is moderately wounded.
The orc priest hits you with a falchion!
The orc warrior hits you with an enchanted long sword!!
* * * LOW HITPOINT WARNING * * *
You hit the orc priest.
The orc priest is severely wounded.
The orc priest invokes the aid of Beogh against you.
You resist with almost no effort.
The orc warrior hits you with an enchanted long sword!
You die...

.###...##.#.#.......#.#
#..###...
......................#
##.# ####
####...####.#.......###
#.# # ##.## #.####.####
#.# # #.# #.# #.# #.#
#.# #.# #.# #.#
#.#####.# #.# #.######
###.......# #o#
#....... #....######
#@# #.###### #.#..# #o#
#)# ###.#..### #.# #.#
....#....# #.# #.##
.#######.#
#.#########..##
....#....#
#.............#
###.#..###
###########..## #.#..#
############..#####
#....#
#...<..............


You could see an orc warrior and an orc priest.

Vanquished Creatures
  Duvessa (D:6)
  A black bear (D:3)
  An ogre (D:6)
  A centaur (D:6)
  Blork the orc (D:5)
  Dowan (D:6)
  A scorpion (D:4)
  2 electric eels (D:6)
  3 howler monkeys
  3 crimson imps
  A centaur zombie (D:5)
  2 hounds (D:5)
  2 giant frog skeletons
  An orc wizard (D:4)
  Jessica (D:3)
  3 iguanas
  5 worker ants
  6 adders
  A shadow imp (D:6)
  2 oozes
  3 worms
  A dart slug (D:1)
  2 giant geckos
  2 orcs (D:4)
  2 ball pythons (D:1)
  2 giant cockroaches (D:2)
  8 goblins
  7 hobgoblins
  8 jackals (D:2)
  9 kobolds
  2 quokkas
  A ball python skeleton (D:4)
  10 bats
  A giant gecko skeleton (D:6)
  2 giant newts
  6 rats
105 creatures vanquished.

Notes
Turn   | Place    | Note
--------------------------------------------------------------
     0 | D:1      | urechis the Vine Stalker Monk began the quest for the Orb.
     0 | D:1      | Reached XP level 1. HP: 11/11 MP: 2/2
   185 | D:1      | Reached XP level 2. HP: 12/16 MP: 1/3
   510 | D:1      | Reached XP level 3. HP: 17/19 MP: 1/4
   953 | D:2      | Reached skill level 5 in Unarmed Combat
  1205 | D:2      | Reached XP level 4. HP: 13/23 MP: 3/5
  1704 | D:3      | Noticed Jessica
  1723 | D:3      | Killed Jessica
  1723 | D:3      | Reached XP level 5. HP: 24/27 MP: 6/6
  1996 | D:3      | Noticed a black bear
  2003 | D:3      | Killed a black bear
  2003 | D:3      | Gained mutation: You heal very quickly. [Vine Stalker growth]
  2003 | D:3      | Reached XP level 6. HP: 15/32 MP: 4/7
  2579 | D:4      | Found a radiant altar of Vehumet.
  2911 | D:4      | Reached XP level 7. HP: 35/35 MP: 8/8
  3168 | D:4      | Found a staircase to the Ecumenical Temple.
  3174 | Temple   | Entered the Ecumenical Temple
  3325 | D:5      | Entered Level 5 of the Dungeon
  3391 | D:5      | Found a shadowy altar of Dithmenos.
  3434 | D:5      | Reached skill level 5 in Stealth
  3669 | D:5      | Found a deep blue altar of Sif Muna.
  4050 | D:5      | Noticed Blork the orc
  4051 | D:5      | Found an oddly glowing altar of Pakellas.
  4058 | D:5      | Killed Blork the orc
  4191 | D:6      | Found an opulent altar of Gozag.
  4246 | D:6      | Gained mutation: You have razor-sharp teeth. [Vine Stalker growth]
  4246 | D:6      | Reached XP level 8. HP: 29/39 MP: 9/9
  4313 | D:6      | Found an ancient bone altar of Kikubaaqudgha.
  4515 | D:6      | Noticed Dowan
  4517 | D:6      | Noticed Duvessa
  4529 | D:6      | Killed Duvessa
  4531 | D:6      | Killed Dowan
  4992 | D:6      | HP: 2/42 [orc warrior/enchanted long sword (17)]
  4993 | D:6      | Mangled by an orc warrior

Skill      XL: |  1  2  3  4  5  6  7  8 |
---------------+-------------------------+-----
Unarmed Combat | 5 6 7 8 |  8.7
Stealth        | 3 7 8 |  8.2
Fighting       | 4 |  4.0
Dodging        | |  2.4

Action                   |  1- 3 |  4- 6 |  7- 9 || total
-------------------------+-------+-------+-------++-------
Melee: Unarmed           |   112 |   141 |   150 ||   403
       Bite              |    21 |    38 |    51 ||   110
       Punch             |     3 |     2 |     6 ||    11
 Fire: Blowgun           |       |     3 |       ||     3
  Use: Scroll            |       |       |     8 ||     8
 Stab: Sleeping          |     5 |     4 |     6 ||    15
  Eat: Chunk             |     1 |     5 |     6 ||    12
       Fruit             |       |       |     1 ||     1
Armor: Robe              |    23 |    26 |    19 ||    68
Dodge: Dodged            |    84 |    87 |    58 ||   229
